Workbook

Sheet Budget Heads 2026-27
D1: Administration | I1: SALC | K1: General Maintenance | M1: Payroll Services | N1: ICO | O1: Street Lighting | R1: Room Hire | S1: Broadband | Y1: Youth
A2: Date | B2: Chq/Pay ref | C2: Purpose | D2: Clerks Salary | E2: WFH Allow | F2: Consumables | G2: Email/Cloud | H2: Hardware/Repair | I2: Membership | J2: Training | K2: Grass/Hedge | L2: Repairs / Replace | M2: Clerks Pay | N2: Reg' Fee | O2: Electric | P2: Maintenance | Q2: Insurance | R2: Village Hall | S2: Village Hall WiFi | T2: Audits | U2: Parish News | V2: Grants | W2: Elections | X2: Events | Y2: Youth club | Z2: Event Credits | AB2: VAT | AC2: Ref
A3: 7.4.26 | B3: 7KK8 | C3: Hugo Fox | G3: 11.99
A4: 10.4.26 | B4: 3570 | C4: DM Payroll Services | M4: 120 | AB4: 24 | AC4: 494691930
A5: 10.4.26 | B5: 3924 | C5: Wages | D5: 806.77
A6: 20.4.26 | B6: 9471 | C6: HMRC | D6: 839.74
A7: 20.4.26 | B7: 3818 | C7: Mr R Briers | S7: 52.11
A8: 23.4.26 | B8: 116 | C8: Npower | O8: 179.97 | AB8: 9 | AC8: GB559097889
A9: 27.4.26 | B9: S/O | C9: BHVH | S9: 29.99
A10: 27.4.26 | B10: 794 | C10: Bank Service Charge | F10: 5.17
A11: 30.4.26 | B11: 7KK8 | C11: Hugo Fox | G11: 23.99
A12: 7.5.26 | B12: 7KK8 | C12: Hugo Fox | G12: 11.99
A13: 20.5.26 | B13: 2616 | C13: Wages | D13: 790.17
A14: 20.5.26 | B14: 2721 | C14: Sunshine Preschool | V14: 1924.12
A15: 20.5.26 | B15: 820 | C15: BH Tennis Club | V15: 6000
A16: 20.5.26 | B16: 2172 | C16: BHVH - Room Hire for YC | Y16: 63
A17: 20.5.26 | B17: 2169 | C17: BHVH | R17: 17
A18: 20.5.26 | B18: 2271 | C18: BHVH | R18: 21.25
A19: 20.5.26 | B19: 1255 | C19: J P Eccleston | K19: 505 | AB19: 101 | AC19: 876348969
A20: 20.5.26 | B20: 2537 | C20: Friends of BH School | V20: 1196
A21: 20.5.26 | B21: 3495 | C21: EON | P21: 165.89 | AB21: 33.18 | AC21: GB559097889
A22: 20.5.26 | B22: 1544 | C22: RLT Auditing | T22: 200
A23: 20.5.26 | B23: 1622 | C23: Mr R Briers | S23: 51.05
A24: 22.5.26 | B24: 3001 | C24: Npower | O24: 145.6 | AB24: 7.28 | AC24: GB559097889
A25: 26.5.26 | B25: S/O | C25: BHVH | S25: 29.99
A26: 26.5.26 | B26: 8222 | C26: Bank Service Charge | F26: 4.25
A27: 1.6.26 | B27: 7KK8 | C27: Hugo Fox | G27: 23.99
A28: 8.6.26 | B28: 7KK8 | C28: Hugo Fox | G28: 11.99
A29: 15.6.26 | B29: 3854 | C29: BHVH - Room Hire for YC | Y29: 84
A30: 15.6.26 | B30: 715 | C30: Clear Insurance | Q30: 1210.8
A31: 15.6.26 | B31: 4865 | C31: HTM - Road Closure | X31: 1100 | AB31: 220 | AC31: GB661131960
A32: 15.6.26 | B32: 1868 | C32: All About Youth | Y32: 5400
A33: 15.6.26 | B33: 2042 | C33: Wages | D33: 798.37
A34: 15.6.26 | B34: 2237 | C34: Clerk - Printer | F34: 124.17 | AB34: 24.83 | AC34: GB226659933
A35: 15.6.26 | B35: 2643 | C35: Clerk - WIFI | E35: 95.61
A36: 15.6.26 | B36: 1400 | C36: EON | P36: 486.66 | AB36: 97.33 | AC36: GB559097889
A37: 15.6.26 | B37: 636 | C37: Shropshire Scouts Jamboree | V37: 50
A38: 15.6.26 | B38: 6850 | C38: Mr R Briers | S38: 51.05
A39: 15.6.26 | B39: 1065 | C39: BHVH | R39: 17
A40: 19.6.26 | B40: 3001 | C40: NPower | O40: 121.4 | AB40: 6.07 | AC40: GB559097889
A41: 23.6.26 | B41: 2009 | C41: Bank Service Charge | F41: 4.25
A42: 26.6.26 | B42: S/O | C42: BHVH | S42: 29.99
A43: 30.6.26 | B43: 7KK8 | C43: Hugo Fox | G43: 23.99
A44: 7.7.26 | B44: 7KK8 | C44: Hugo Fox | G44: 11.99
A45: 13.7.26 | B45: 8113 | C45: Wages | D45: 798.37
A46: 13.7.26 | B46: 7788 | C46: R Brooks | V46: 73.25
A47: 13.7.26 | B47: 5956 | C47: Play Safety Ltd | L47: 99 | AB47: 19.8 | AC47: 876328389
A48: 13.7.26 | B48: 8790 | C48: BHVH - Room Hire for YC | Y48: 84
A49: 21.7.26 | B49: 3001 | C49: Npower | O49: 104.09 | AB49: 5.2 | AC49: GB559097889
A50: 27.7.26 | B50: 9955 | C50: Mr R Briers | S50: 237.97
A51: 27.7.26 | B51: 3906 | C51: BHVH | R51: 17
A52: 27.7.26 | B52: 2664 | C52: BHVH - Room Hire for YC | Y52: 63
A53: 27.7.26 | B53: S/O | C53: BHVH | S53: 29.99
A54: 27.7.26 | B54: 6704 | C54: Bank Service Charge | F54: 4.25
A55: 30.7.26 | B55: 7KK8 | C55: Hugo Fox | G55: 23.99
A56: 3.8.26 | B56: 3112 | C56: Ace Play | L56: 605.28 | AB56: 121.05 | AC56: 129956469
A57: 7.8.26 | B57: 7KK8 | C57: Hugo Fox | G57: 11.99
A58: 10.8.26 | B58: 580 | C58: Wages | D58: 798.37
A59: 17.8.26 | B59: 4479 | C59: HMRC - Tax | D59: 893.14
A60: 24.8.26 | B60: 3001 | C60: Npower | O60: 113.68 | AB60: 5.68 | AC60: GB559097889
A61: 25.8.26 | B61: 4330 | C61: Bank Service Charge | F61: 4.75
A62: 26.8.26 | B62: S/O | C62: BHVH | S62: 29.99
A63: 1.9.26 | B63: 7KK8 | C63: Hugo Fox | G63: 23.99
A64: 7.9.26 | B64: 7KK8 | C64: Hugo Fox | G64: 11.99
A65: 16.9.26 | B65: 7024 | C65: The Animal Family | X65: 350
A66: 16.9.26 | B66: 1821 | C66: Wages | D66: 798.57
A67: 16.9.26 | B67: 8209 | C67: AcePlay | L67: 605.28 | AB67: 121.05 | AC67: 129956469
A68: 16.9.26 | B68: 2551 | C68: PKF Littlejohn | T68: 210 | AB68: 42 | AC68: GB440498250
A69: 16.9.26 | B69: 1601 | C69: Mrs S Horton | E69: 139.48
A70: 16.9.26 | B70: 3328 | C70: Mrs S Horton | F70: 9.8
A71: 21.9.26 | B71: 3001 | C71: NPower | O71: 137.84 | AB71: 6.89 | AC71: GB559097889
A72: 25.9.26 | B72: 4936 | C72: Bank Service Charge | F72: 4.25
A73: 28.9.26 | B73: S/O | C73: BHVH | S73: 29.99
A74: 30.9.26 | B74: 7KK8 | C74: Hugo Fox | G74: 23.99
A75: 30.9.26 | B75: 864 | C75: PG Skips | X75: 344 | AB75: 68.8 | AC75: 404274872
C151: Total Spend | D151: =SUM(D3:D150) -> 6523.5 | E151: =SUM(E3:E150) -> 235.09 | F151: =SUM(F3:F150) -> 160.89 | G151: =SUM(G3:G150) -> 215.88 | H151: =SUM(H3:H150) -> 0 | I151: =SUM(I3:I150) -> 0 | J151: =SUM(J3:J150) -> 0 | K151: =SUM(K3:K150) -> 505 | ... Y151: =SUM(Y3:Y150) -> 5694 | AA151: =SUM(D151:Z151) -> 29521.59 | AB151: =SUM(AB3:AB121) -> 913.16
C152: Budget 2026/27 | D152: 13125 | E152: 350 | F152: 400 | G152: 360 | H152: 300 | I152: 1250 | J152: 200 | K152: 2000 | L152: 1500 | M152: 200 | N152: 52 | O152: 1800 | P152: 400 | Q152: 1300 | R152: 300 | S152: 1000 | T152: 600 | U152: 400 | V152: 3000 | W152: 0 | X152: 3000 | Y152: 7000 | AA152: =SUM(D152:Z152) -> 38537
C153: Remaining Budget | D153: =D152-D151 -> 6601.5 | E153: =E152-E151 -> 114.91 | F153: =F152-F151 -> 239.11 | G153: =G152-G151 -> 144.12 | H153: =H152-H151 -> 300 | I153: =I152-I151 -> 1250 | J153: =J152-J151 -> 200 | K153: =K152-K151 -> 1495 | ... Z153: =Z152-Z151 -> 0
C155: Budget 2025/26 | D155: 11500 | E155: 350 | F155: 400 | G155: 900 | H155: 300 | I155: 1100 | J155: 300 | K155: 2000 | L155: 1500 | M155: 200 | N155: 40 | O155: 1800 | P155: 500 | Q155: 1350 | R155: 300 | S155: 1000 | T155: 600 | U155: 300 | V155: 2500 | W155: 600 | X155: 3000 | Y155: 7000 | AA155: 37540
D156: =D152/D155 -> 1.1413043 | E156: =E152/E155 -> 1 | F156: =F152/F155 -> 1 | G156: =G152/G155 -> 0.4 | H156: =H152/H155 -> 1 | I156: =I152/I155 -> 1.1363636 | J156: =J152/J155 -> 0.66666667 | K156: =K152/K155 -> 1 | ... Y156: =Y152/Y155 -> 1 | AA156: =AA152/AA155 -> 1.0265583
D157: 5% pay increment and employers insurance | E157: HMRC allowance | F157: Allow for ink/printers etc | G157: move to hugo fox | H157: allow for replacement of IT equip | I157: Expect rise | J157: under budget so reduce for next year | K157: Is within budget so keep | L157: over budget this year but exraordinary items replacement of fence/gate so keep same | M157: Under budget this year - keep same as allows for deferred rise we didn't incur | N157: latest online fee for small organisation | O157: small Underspend as LEDs throughout | P157: underspending so reduce | Q157: locked in at smaller premium - allow small headroom | R157: within budget still, and keen to support | S157: On budget, but Fitz attempting to change - do not anticipate increase | T157: in budget | U157: more houses so incresed print costs - allow more support | V157: successfully encouraging grants - keen to support parish aplications | W157: no elections anticipated | X157: successful event with small underspend - retain | Y157: We know that there is a demand in the village, but no regular volunteers - keep in to allow for successful launch if we get progress on volunteers

Sheet Summary Budget 2026-27
E1: Red denotes over spend
C2: Administration | H2: SALC
C3: Clerks Salary | D3: WFH Allowance | E3: Consumables | F3: Email/Cloud | G3: Hardware/Repair | H3: Membership | I3: Training | K3: Total Budget | L3: Total Spend
B4: Spend | C4: ='Budget Heads 2026-27'!D151 -> 6523.5 | D4: ='Budget Heads 2026-27'!E151 -> 235.09 | E4: ='Budget Heads 2026-27'!F151 -> 160.89 | F4: ='Budget Heads 2026-27'!G151 -> 215.88 | G4: ='Budget Heads 2026-27'!H151 -> 0 | H4: ='Budget Heads 2026-27'!I151 -> 0 | I4: ='Budget Heads 2026-27'!J151 -> 0 | L4: =SUM(C4:J4) -> 7135.36
B5: Budget | C5: ='Budget Heads 2026-27'!D152 -> 13125 | D5: ='Budget Heads 2026-27'!E152 -> 350 | E5: ='Budget Heads 2026-27'!F152 -> 400 | F5: ='Budget Heads 2026-27'!G152 -> 360 | G5: ='Budget Heads 2026-27'!H152 -> 300 | H5: ='Budget Heads 2026-27'!I152 -> 1250 | I5: ='Budget Heads 2026-27'!J152 -> 200 | K5: =SUM(C5:I5) -> 15985
B6: Remain | C6: =C5-C4 -> 6601.5 | D6: =D5-D4 -> 114.91 | E6: =E5-E4 -> 239.11 | F6: =F5-F4 -> 144.12 | G6: =G5-G4 -> 300 | H6: =H5-H4 -> 1250 | I6: =I5-I4 -> 200
C7: Ground Maintenance | E7: Payroll Services | F7: ICO | G7: Street Lighting | I7: Insurance
C8: Grass/Hedge | D8: Repairs | E8: Clerks Pay | F8: Reg' fee | G8: Electric | H8: Maintenance
B9: Spend | C9: ='Budget Heads 2026-27'!K151 -> 505 | D9: ='Budget Heads 2026-27'!L151 -> 1309.56 | E9: ='Budget Heads 2026-27'!M151 -> 120 | F9: ='Budget Heads 2026-27'!N151 -> 0 | G9: ='Budget Heads 2026-27'!O151 -> 802.58 | H9: ='Budget Heads 2026-27'!P151 -> 652.55 | I9: ='Budget Heads 2026-27'!Q151 -> 1210.8 | L9: =SUM(C9:J9) -> 4600.49
B10: Budget | C10: 2000 | D10: 1500 | E10: ='Budget Heads 2026-27'!M152 -> 200 | F10: ='Budget Heads 2026-27'!N152 -> 52 | G10: ='Budget Heads 2026-27'!O152 -> 1800 | H10: ='Budget Heads 2026-27'!P152 -> 400 | I10: ='Budget Heads 2026-27'!Q152 -> 1300 | K10: =SUM(C10:I10) -> 7252
B11: Remain | C11: =C10-C9 -> 1495 | D11: =D10-D9 -> 190.44 | E11: =E10-E9 -> 80 | F11: =F10-F9 -> 52 | G11: =G10-G9 -> 997.42 | H11: =H10-H9 -> -252.55 | I11: =I10-I9 -> 89.2
C12: Room Hire | D12: Broadband | E12: Audit | F12: Grants | H12: Elections | I12: Events | J12: Youth
C13: Village Halls | D13: Village Halls WiFi | E13: External/Internal | F13: Parish News | G13: Grants | I13: Committee | J13: Youth Club
B14: Spend | C14: ='Budget Heads 2026-27'!R151 -> 72.25 | D14: ='Budget Heads 2026-27'!S151 -> 572.12 | E14: ='Budget Heads 2026-27'!T151 -> 410 | F14: ='Budget Heads 2026-27'!U151 -> 0 | G14: ='Budget Heads 2026-27'!V151 -> 9243.37 | H14: ='Budget Heads 2026-27'!W151 -> 0 | I14: ='Budget Heads 2026-27'!X151 -> 1794 | J14: ='Budget Heads 2026-27'!Y151 -> 5694 | L14: =SUM(C14:J14) -> 17785.74
B15: Budget | C15: ='Budget Heads 2026-27'!R152 -> 300 | D15: ='Budget Heads 2026-27'!S152 -> 1000 | E15: ='Budget Heads 2026-27'!T152 -> 600 | F15: ='Budget Heads 2026-27'!U152 -> 400 | G15: ='Budget Heads 2026-27'!V152 -> 3000 | H15: ='Budget Heads 2026-27'!W152 -> 0 | I15: ='Budget Heads 2026-27'!X152 -> 3000 | J15: ='Budget Heads 2026-27'!Y152 -> 7000 | K15: =SUM(C15:J15) -> 15300
B16: Remain | C16: =C15-C14 -> 227.75 | D16: =D15-D14 -> 427.88 | E16: =E15-E14 -> 190 | F16: =F15-F14 -> 400 | G16: =G15-G14 -> -6243.37 | H16: =H15-H14 -> 0 | I16: =I15-I14 -> 1206 | J16: =J15-J14 -> 1306 | M16: Remain Budget
K17: =SUM(K4:K16) -> 38537 | L17: =SUM(L4:L15) -> 29521.59 | M17: =K17-L17 -> 9015.41 | N17: Totals
B19: Total Budget | D19: =K17 -> 38537 | H19: Bank Balances
B20: Precept 2026-27 | D20: 35675 | H20: As of (date) | I20: 30.9.26
H21: Contingency | I21: 20513.8
B22: Total Spend | D22: =L17 -> 29521.59 | H22: CIL | I22: 506.08
B23: % Spend | D23: =D22/D19 -> 0.76605833 | H23: Current | I23: 31892.57
H24: Cambridge Sav | I24: 109562.09
B25: Remaining Budget | D25: =D19-D22 -> 9015.41 | H25: Total | I25: =SUM(I21:I24) -> 162474.54
B27: previous Precept 2025-26 | D27: 32565
B28: percentage increase for precept | D28: 0.04
B29: Budgetting estimate of precept 2026-27 | D29: =D27*(1+D28) -> 33867.6

Sheet Non Budget Expenditure
A1: Expenditure o/s allocated budgets - From reserves | F1: CIL Expenditures
A2: Date | B2: Purpose | C2: Cost | D2: VAT | F2: Date | G2: Purpose | H2: Cost | I2: VAT
B29: Total | C29: =SUM(C3:C28) -> 0 | D29: =SUM(D3:D28) -> 0 | G29: Total | H29: =SUM(H3:H28) -> 0 | I29: =SUM(I3:I28) -> 0
